 Dungeon Crawl Stone Soup version 0.29.1-1-gd02db6906a (webtiles) character file.

Game seed: 12550093652158885147

7378 RogueRain17 the Geomancer (level 11, -2/77 HPs)
             Began as a Meteoran Earth Elementalist on Sept 30, 2022.
             Was a Priest of Cheibriados.
             Slain by a basilisk (4 damage)
             ... on level 10 of the Dungeon.
             The game lasted 00:31:38 (4892 turns).

RogueRain17 the Geomancer (MeEE)                    Turns: 4892, Time: 00:31:38

Health: -2/77      AC:  7    Str: 16    XL:     11   Next: 62%
Magic:  0/24       EV: 13    Int: 33    God:    Cheibriados [***...]
Gold:   297        SH:  0    Dex: 22    Spells: 18/26 levels left

rFire   + . .      SeeInvis .   z - +4 mace of Baleful Courage {vorpal, rF+ rC+ Int+4}
rCold   + . .      Faith    .   (no shield)
rNeg    . . .      Spirit   +   h - +0 steam dragon scales
rPois   .          Reflect  .   k - +1 helmet
rElec   .          Harm     .   (no cloak)
rCorr   .          Rampage  .   (no gloves)
Will    +....                   (no boots)
Stlth   +.........              m - amulet of guardian spirit
HPRegen 0.22/turn               (no ring)
MPRegen 0.19/turn               (no ring)

@: glowing, very slow
A: sense surroundings 2, otherworldly, glowing, explore regen, frail 1, wild
magic 1
a: Renounce Religion, Bend Time, Temporal Distortion


You were on level 10 of the Dungeon.
You worshipped Cheibriados.
Cheibriados was most pleased with you.
You visited 2 branches of the dungeon, and saw 11 of its levels.

You collected 477 gold pieces.
You spent 180 gold pieces at shops.

Inventory:

Hand Weapons
 r - a +0 lajatang
 z - the +4 mace of Baleful Courage (weapon) {vorpal, rF+ rC+ Int+4}
   (You found it on level 9 of the Dungeon)

   It inflicts extra damage upon your enemies.
   Int:       It affects your intelligence (+4).
   rF:        It protects you from fire.
   rC:        It protects you from cold.
Armour
 a - a +0 robe
 h - +0 steam dragon scales (worn)
 k - a +1 helmet (worn)
Jewellery
 j - a ring of wizardry
 m - an amulet of guardian spirit (around neck)
 u - the ring of Jijeb {rElec rC+ MP+9}
   (You took it off a deep elf zephyrmancer on level 10 of the Dungeon)

   [ring of protection from cold]

   rC:        It protects you from cold.
   rElec:     It insulates you from electricity.
   MP:        It affects your magic capacity (+9).
 A - a ring of resist corrosion
Wands
 v - a wand of flame (22)
Scrolls
 b - a scroll of enchant armour
 c - a scroll of noise
 d - 2 scrolls of immolation
 f - 5 scrolls of identify
 g - 3 scrolls of teleportation
 i - 4 scrolls of amnesia
 q - a scroll of enchant weapon {unknown}
 s - 2 scrolls of blinking {unknown}
 y - a scroll of magic mapping {unknown}
 C - a scroll of poison {unknown}
Potions
 e - a potion of flight
 l - 3 potions of haste {unknown}
 n - 2 potions of curing {unknown}
 o - a potion of attraction {unknown}
 t - a potion of might
 w - a potion of lignification {unknown}


   Skills:
 - Level 5.0 Fighting
 + Level 5.6(6.1) Maces & Flails
 - Level 3.4(4.7) Staves
 - Level 2.4 Dodging
 - Level 1.4 Stealth
 - Level 8.0 Spellcasting
 + Level 8.3 Conjurations
 - Level 1.2 Transmutations
 - Level 12.4 Earth Magic
 + Level 8.5 Invocations


You had 18 spell levels left.
You knew the following spells:

 Your Spells              Type           Power      Damage    Failure   Level
a - Sandblast             Erth           100%       2d20      1%          1
b - Stone Arrow           Conj/Erth      100%       3d13      1%          3
c - Petrify               Tmut/Erth      66%        N/A       3%          4

Your spell library contained the following spells:

 Spells                   Type           Power      Damage    Failure   Level
 Passwall                 Tmut/Erth      55%        N/A       1%          2
 Static Discharge         Conj/Air       52%        3-10/arc  1%          2
 Beastly Appendage        Tmut           54%        N/A       4%          1
 Wereblood                Tmut           27%        N/A       5%          2
 Slow                     Hex            68%        N/A       6%          1
 Sublimation of Blood     Necr           17%        N/A       9%          2
 Sticky Flame             Conj/Fire      52%        2d7       10%         4
 Spider Form              Tmut/Pois      22%        N/A       13%         3
 Confusing Touch          Hex            17%        N/A       16%         3
 Inner Flame              Hex/Fire       17%        N/A       16%         3
 Vampiric Draining        Necr           17%        2d7       16%         3
 Anguish                  Hex/Necr       8%         N/A       43%         4
 Cause Fear               Hex            8%         N/A       43%         4
 Dispel Undead            Necr           17%        3d10      43%         4
 Enfeeble                 Hex            8%         N/A       100%        7
 Summon Hydra             Summ           8%         N/A       100%        7
 Discord                  Hex            8%         N/A       100%        8


Dungeon Overview and Level Annotations

Branches:
Dungeon (10/15) Zot: 2213  Temple (1/1) D:6 Zot: 732
   Lair: D:8-11         Orc: D:9-12

Altars:
Ashenzari
Cheibriados
Dithmenos
Elyvilon
Fedhas
Gozag
Hepliaklqana
Kikubaaqudgha
Makhleb
Okawaru
Qazlal
Ru
Sif Muna
Trog
Uskayaw
Vehumet
Wu Jian
Xom
Yredelemnul
Zin
The Shining One

Shops:
D:7 (   D:9 (

Annotations:
D:6 3 runed translucent doors, turdburglar's ghost, novice HOGl
D:7 Pikel


Innate Abilities, Weirdness & Mutations

You passively map the area around you.
You are easily found by Zot.
You glow in the dark.
You regain HP and MP as you explore.
You are frail. (-10% HP)
Your spells are a little harder to cast, but a little more powerful.


Message History

You thump the white ugly thing!
The white ugly thing is lightly wounded.
Aiming: Charm
Press: ? - help, Shift-Dir - straight line, f/p - white ugly thing
Aim: a white ugly thing (lightly wounded, chance to affect: 31%)
The white ugly thing easily resists.
The now-empty wand crumbles to dust.
Magic courses through your body.
Casting: Petrify (dangerous; 3% risk of failure)
Confirm with . or Enter, or press ? or * to list all spells.
Aiming: Stone Arrow (safe; 1% risk of failure)
Press: ? - help, Shift-Dir - straight line, f/p - white ugly thing
Aim: a white ugly thing (lightly wounded, 78% to hit)
The stone arrow misses the white ugly thing.
The white ugly thing claws you! The white ugly thing freezes you! You resist.
* * * LOW HITPOINT WARNING * * *
Casting: Stone Arrow (safe; 1% risk of failure)
Confirm with . or Enter, or press ? or * to list all spells.
Aiming: Stone Arrow (safe; 1% risk of failure)
Press: ? - help, Shift-Dir - straight line, f/p - white ugly thing
Aim: a white ugly thing (lightly wounded, 78% to hit)
The stone arrow hits the white ugly thing!!
The white ugly thing is heavily wounded.
The white ugly thing misses you.
Unknown command.
Casting: Stone Arrow (safe; 1% risk of failure)
Confirm with . or Enter, or press ? or * to list all spells.
Aiming: Stone Arrow (safe; 1% risk of failure)
Press: ? - help, Shift-Dir - straight line, f/p - white ugly thing
Aim: a white ugly thing (heavily wounded, 78% to hit)
The stone arrow hits the white ugly thing!!
The white ugly thing is severely wounded.
The white ugly thing claws you!
* * * LOW HITPOINT WARNING * * *
The white ugly thing freezes you! You resist.
* * * LOW HITPOINT WARNING * * *
You hit the basilisk.
The basilisk is lightly wounded.
The white ugly thing completely misses you.
The basilisk bites you.
You die...

####.....###.....############....
.................................
#####.#########.#########.#####..
...#.....#..#..#...##.....# #..
,#.#####.##.÷..#..##..#....# #..
#...#.†.#.........#..##....##..
,###.#.########..###...#.....#..
#.....#................##......
#.#.###.###..l@.###...#.###.#.#
*...#...#.#....u#...#.###.....#.#
#.#####.#.##.#..#...#.#......##..
#.....#...#..#..#.#.#.).....###.#
#####.#########.#########.#####.#
#.....u...##..##..# #.........#..
#.#######.#.##..##..#.###.###.#.#
#. ,#.##[.##..###.# #.# #.#.# #u
#.#.##..##..#.###.###.#..


You could see a white ugly thing and a basilisk.

Vanquished Creatures
  A hydra (D:10)
  2 two-headed ogres
  A deep elf zephyrmancer (D:10)
  An orc sorcerer (D:10)
  Grinder (D:6)
  A troll (D:10)
  Sigmund (D:5)
  A wraith (D:8)
  Eustachio (D:6)
  A wyvern (D:8)
  A steam dragon (D:6)
  Menkaure (D:6)
  2 water moccasins
  An orc warrior (D:7)
  3 ogres
  A black bear (D:4)
  2 sky beasts (D:8)
  A centaur (D:9)
  3 phantoms
  4 bullfrogs
  A scorpion (D:5)
  9 wights
  18 killer bees
  2 electric eels
  3 howler monkeys (D:10)
  3 hounds
  3 iguanas
  8 orc wizards
  Natasha (twice) (D:3)
  4 gnolls (D:3)
  6 adders
  2 shadow imps (D:7)
  A white imp (D:7)
  An ufetubus (D:5)
  4 worms
  2 dart slugs
  21 orcs
  6 ball pythons
  9 bats
  3 endoplasms
  5 giant cockroaches (D:3)
  5 goblins
  7 hobgoblins
  4 jackals (D:2)
  6 kobolds
  4 rats
169 creatures vanquished.

Notes
Turn   | Place    | Note
-------+----------+-------------------------------------------
     0 | D:1      | RogueRain17 the Meteoran Earth Elementalist began the quest
                  | for the Orb.
     0 | D:1      | Reached XP level 1. HP: 14/14 MP: 5/5
    15 | D:1      | Reached skill level 4 in Earth Magic
    15 | D:1      | Reached XP level 2. HP: 19/20 MP: 2/6
   174 | D:1      | Reached XP level 3. HP: 26/26 MP: 6/8
   269 | D:1      | Found a faded altar of an unknown god.
   318 | D:2      | Reached skill level 5 in Earth Magic
   390 | D:2      | Learned a level 3 spell: Stone Arrow
   482 | D:2      | Reached XP level 4. HP: 33/33 MP: 7/9
   746 | D:3      | Reached skill level 6 in Earth Magic
   787 | D:3      | Noticed Natasha
   790 | D:3      | Killed Natasha
   791 | D:3      | Reached XP level 5. HP: 38/38 MP: 7/10
   827 | D:3      | Reached skill level 7 in Earth Magic
   840 | D:3      | Noticed Natasha
   844 | D:3      | Killed Natasha
   845 | D:3      | Reached XP level 6. HP: 41/45 MP: 4/11
   874 | D:3      | Found a glowing golden altar of the Shining One.
  1073 | D:4      | Noticed an ogre
  1078 | D:4      | Killed an ogre
  1079 | D:4      | Reached skill level 8 in Earth Magic
  1079 | D:4      | Reached XP level 7. HP: 50/50 MP: 7/12
  1314 | D:4      | Reached skill level 1 in Conjurations
  1370 | D:5      | Entered Level 5 of the Dungeon
  1397 | D:5      | Reached skill level 9 in Earth Magic
  1504 | D:5      | Noticed Sigmund
  1510 | D:5      | Gained mutation: You are frail. (-10% HP) [potion of
                  | mutation]
  1510 | D:5      | Gained mutation: Your spells are a little harder to cast,
                  | but a little more powerful. [potion of mutation]
  1549 | D:5      | Killed Sigmund
  1550 | D:5      | Reached XP level 8. HP: 27/51 MP: 3/13
  1552 | D:5      | Reached skill level 10 in Earth Magic
  1567 | D:5      | Found an ornate altar of the Wu Jian Council.
  1600 | D:5      | Learned a level 4 spell: Petrify
  1635 | D:5      | Found a shadowy altar of Dithmenos.
  1717 | D:6      | Found a white marble altar of Elyvilon.
  1765 | D:6      | Found a runed translucent gate.
  1765 | D:6      | Found a runed translucent gate.
  1765 | D:6      | Found a runed translucent gate.
  1797 | D:6      | Noticed Eustachio
  1802 | D:6      | Killed Eustachio
  1803 | D:6      | Reached skill level 5 in Conjurations
  1803 | D:6      | Reached skill level 11 in Earth Magic
  1803 | D:6      | Gained mutation: You passively map the area around you.
                  | [Meteoran growth]
  1803 | D:6      | Reached XP level 9. HP: 55/55 MP: 2/14
  1922 | D:6      | Found a staircase to the Ecumenical Temple.
  1929 | D:6      | Noticed Grinder
  1932 | D:6      | Paralysed by Grinder for 5 turns
  1939 | Temple   | Entered the Ecumenical Temple
  2037 | Temple   | Became a worshipper of Cheibriados the Contemplative
  2059 | D:6      | Noticed Menkaure
  2060 | D:6      | Paralysed by Grinder for 2 turns
  2069 | D:6      | HP: 1/55 [Menkaure (11)]
  2071 | D:6      | Killed Menkaure
  2083 | D:6      | Killed Grinder
  2084 | D:6      | Reached skill level 12 in Earth Magic
  2367 | D:6      | Noticed turdburglar's ghost (novice HOGl)
  2516 | D:7      | Reached skill level 1 in Invocations
  2559 | D:7      | Found Oxifereu's Weapon Boutique.
  2623 | D:7      | Reached * piety under Cheibriados
  2628 | D:7      | Reached XP level 10. HP: 61/62 MP: 8/18
  2728 | D:7      | Reached skill level 5 in Spellcasting
  2773 | D:7      | Found a hide-covered altar of Uskayaw.
  2776 | D:7      | Found a sacrificial altar of Ru.
  2780 | D:7      | Reached skill level 5 in Invocations
  2979 | D:7      | Noticed Pikel
  3109 | D:8      | Noticed a two-headed ogre
  3137 | D:8      | Killed a two-headed ogre
  3185 | D:7      | Bought a +0 lajatang for 180 gold pieces
  3218 | D:8      | Found an iron altar of Okawaru.
  3315 | D:8      | Reached skill level 1 in Fighting
  3315 | D:8      | Reached skill level 1 in Staves
  3724 | D:9      | Reached ** piety under Cheibriados
  3846 | D:9      | Found a glowing silver altar of Zin.
  3958 | D:9      | Reached XP level 11. HP: 62/72 MP: 12/24
  4043 | D:9      | Identified the +4 mace of Baleful Courage {vorpal, rF+ rC+
                  | Int+4}
  4111 | D:10     | Entered Level 10 of the Dungeon
  4144 | D:9      | Found Ajaky's Weapon Emporium.
  4407 | D:10     | Noticed an eight-headed hydra
  4410 | D:10     | Killed an eight-headed hydra
  4439 | D:10     | Identified the ring of Jijeb {rElec rC+ MP+9}
  4439 | D:10     | Noticed a deep elf zephyrmancer
  4443 | D:10     | Killed a deep elf zephyrmancer
  4471 | D:10     | Reached *** piety under Cheibriados
  4472 | D:10     | Reached skill level 5 in Fighting
  4676 | D:10     | Noticed a two-headed ogre
  4692 | D:10     | Killed a two-headed ogre
  4693 | D:10     | Reached skill level 5 in Maces & Flails
  4812 | D:10     | Noticed an orc sorcerer
  4815 | D:10     | Killed an orc sorcerer
  4855 | D:10     | Noticed a white ugly thing
  4855 | D:10     | Noticed a catoblepas
  4891 | D:10     | HP: 2/77 [white ugly thing (13)]
  4892 | D:10     | Slain by a basilisk

Illustrated notes

Levels and vault maps discovered:
D:1:      minmay_arrival_radiant_lines, layout_rooms,
          hellmonk_ecumenical_altar_heavens_door, minivault_24,
          bh_walls_and_bars
D:2:      wander_river, layout_basic
D:3:      layout_basic, mainiacjoe_overflow_brackets, kennysheep_cluttered_room,
          uniq_natasha
D:4:      layout_loops_corners, gammafunk_ghost_nasty_kobolds
D:5:      layout_loops_ring, overflow_temple_1_default,
          mainiacjoe_overflow_large_starburst, serial_shops,
          nicolae_shop_window_shopping, chequers_serial_rivers_small_3,
          minivault_27, nrook_mini_backslash, uniq_sigmund
D:6:      nicolae_BIG_FREAKIN_CUBE, layout_cave_pools, elyvilon_altar_1,
          minmay_temple_entry_glass, ebering_ghost_rock_garden, uniq_eustachio,
          uniq_menkaure, uniq_grinder
D:7:      layout_cave_pools, nicolae_overflow_squiral, serial_shops,
          nicolae_shop_waterfront, chequers_serial_rivers_large_b, uniq_pikel
D:8:      layout_cave_pools, okawaru_ov_weapons_minmay,
          minmay_misc_feat_diagonals
D:9:      layout_basic, mainiacjoe_overflow_small_starburst, serial_shops, shop
D:10:     minmay_the_grid_4x2 [minmay_the_grid_fan, minmay_the_grid_paths,
          minmay_the_grid_spikes, minmay_the_grid_zigzag_pyramid,
          minmay_the_grid_stretched_grid, minmay_the_grid_minigrid_large,
          minmay_the_grid_tri_star, minmay_the_grid_prize_shrinking_boxes],
          layout_loops_cross, kennysheep_cross_room, uniq_snorg
Temple:   compressed_dpeg_triangle_lava_temple

Skill      XL: |  1  2  3  4  5  6  7  8  9 10 11 |
---------------+----------------------------------+-----
Earth Magic    | 4 5 6 7 8 9 11 12 | 12.4
Conjurations   | 3 5 6 8 |  8.3
Spellcasting   | 4 8 |  8.0
Invocations    | 4 7 8 |  8.5
Fighting       | 2 5 |  5.0
Staves         | 3 |  3.4
Maces & Flails | 5 |  5.6
Dodging        | |  2.4
Stealth        | |  1.4
Transmutations | |  1.2

Action                   |  1- 3 |  4- 6 |  7- 9 | 10-12 || total
-------------------------+-------+-------+-------+-------++-------
Melee: Mace              |       |       |       |    10 ||    10
 Cast: Sandblast         |    32 |    55 |    31 |    34 ||   152
       Stone Arrow       |       |       |    53 |    84 ||   137
       Petrify           |       |       |       |    12 ||    12
Invok: Bend Time         |       |       |       |     1 ||     1
Evoke: Wand              |       |       |       |     7 ||     7
  Use: Scroll            |       |       |     6 |     3 ||     9
       Potion            |       |       |     6 |     3 ||     9
 Stab: Petrified         |       |       |       |     1 ||     1
Armor: Robe              |     8 |       |    12 |       ||    20
       Steam dragon scal |       |       |     9 |    16 ||    25
Dodge: Dodged            |     6 |    13 |    26 |    34 ||    79
